AoeStats
← outlaw182

Arabian Desert

508777447Analyzed
1v1 RM · 9d ago on Sep 24, 2026· 21m 30s· 2 players
Game mode
Random Map
Map size
Tiny (2 player)
Population
200
Speed
Normal
Resources
Standard
Victory
Conquest
Starting age
Dark Age
Ending age
Imperial Age
RankedLock teamsTeams togetherTeam positionsShared explorationLock speedFull tech treeHidden civsTurbo modeCheats
Victory
Defeat
🇺🇸 Saxons · United States
1064
+15
🇲🇽 Khmer · Mexico
1038
-15
outlaw182
1:25 Loom
4:51 Loom
10:41 Feudal Age
12:04 Double-Bit Axe
19:06 Town Watch
dkthehobbit
8:17 Loom
11:39 Feudal Age
11:53 Man-at-Arms
14:16 Double-Bit Axe
14:56 Horse Collar
19:19 Bloodlines
20:45 Forging
21:50 Scale Barding Armor
Connection lost

Rejoining the realm…

Still unreachable

The connection could not be restored.

Session expired

The server has moved on; the page needs a fresh start.